 Dungeon Crawl Stone Soup version 0.21.0-3-g78d12a8 (webtiles) character file.

777 Mgcat the Cleaver (level 8, -9/87 HPs)
             Began as a Human Berserker on Jan 10, 2018.
             Was a Priest of Trog.
             Mangled by a two-headed ogre
             ... wielding a +0 giant club
              (19 damage)
             ... on level 4 of the Dungeon.
             The game lasted 00:11:41 (4892 turns).

Mgcat the Cleaver (Human Berserker)                 Turns: 4892, Time: 00:11:41

Health: -9/87      AC:  9    Str: 23    XL:     8   Next: 10%
Magic:  8/8        EV: 11    Int:  8    God:    Trog [***...]
Gold:   94         SH:  0    Dex: 14    Spells: 7/7 levels left

rFire    . . .     SeeInvis .   n - +4 flail
rCold    . . .     Gourm    .   (no shield)
rNeg     . . .     Faith    .   h - +0 ring mail
rPois    .         Spirit   .   (no helmet)
rElec    .         Reflect  .   (no cloak)
rCorr    .         Harm     .   (no gloves)
MR       ++...                  (no boots)
Stlth    ..........             (no amulet)
HPRegen  1.24/turn              u - +4 ring of protection (curse)
MPRegen  0.11/turn              (no ring)

@: berserking, regenerating, drained, very quick
A: no striking features
a: Berserk, Trog's Hand, Burn Spellbooks, Renounce Religion


You were on level 4 of the Dungeon.
You worshipped Trog.
Trog was most pleased with you.
You were not hungry.

You visited 1 branch of the dungeon, and saw 4 of its levels.

You collected 94 gold pieces.

Inventory:

Hand Weapons
 a - a +0 hand axe
 k - a +3 mace of distortion
 n - a +4 flail (weapon)
Armour
 b - a +0 animal skin
 h - a +0 ring mail (worn)
Jewellery
 q - an uncursed amulet of harm
 u - a cursed +4 ring of protection (left hand)
Wands
 o - a wand of random effects (33)
 y - a wand of iceblast (5)
Scrolls
 d - 2 scrolls of blinking {unknown}
 e - 3 scrolls of teleportation {unknown}
 g - 2 scrolls of remove curse {unknown}
 i - 2 scrolls of amnesia {unknown}
 l - a scroll of enchant weapon {unknown}
 m - 5 scrolls of identify {unknown}
 s - 3 scrolls of fog {unknown}
Potions
 f - a potion of invisibility {unknown}
 j - a potion of might {unknown}
 p - 4 potions of heal wounds {unknown}
 r - a potion of lignification {unknown}
 t - a potion of brilliance {unknown}
 w - a potion of agility {unknown}
 x - a potion of magic {unknown}
 z - 2 potions of curing {unknown}
 A - a potion of flight {unknown}
Comestibles
 c - 9 rations


   Skills:
 - Level 3.0(2.6) Fighting
 + Level 9.0(8.6) Axes
 - Level 2.0(1.6) Armour
 - Level 2.0(1.6) Dodging


You had 7 spell levels left.
You didn't know any spells.

Dungeon Overview and Level Annotations

Branches:
Dungeon (4/15)
 Temple: D:4-7

Altars:
Ashenzari
Sif Muna
Wu Jian
Xom


Message History

You feel quite a bit more hungry.
A red film seems to cover your vision as you go berserk!
You feel yourself moving faster!
You feel mighty!
You feel a lot more hungry.
You feel a strong urge to attack something.
You bludgeon the two-headed ogre!!
The two-headed ogre is heavily wounded.
The two-headed ogre hits you with a giant club!!
The two-headed ogre hits you with a giant spiked club!
You barely miss the two-headed ogre.
The two-headed ogre is heavily wounded.
You closely miss the two-headed ogre.
The two-headed ogre is heavily wounded.
The two-headed ogre hits you with a giant club!!
The two-headed ogre misses you.
Your ring mail prevents you from hitting the two-headed ogre.
The two-headed ogre is moderately wounded.
The two-headed ogre hits you with a giant club!!
* * * LOW HITPOINT WARNING * * *
The two-headed ogre hits you with a giant spiked club!!
You die...

#..(...........#
####.###..............#
...................#.#
.....#####.######<#.#
....+..........).#.#
...#####.########.#
.................#
#O#####.########## #@#
#.#.........
################.##
#.#.....####
..................#
#.#.#####..#
.)................#
#.#.#...#..#
...........b......#
#.#.#...#..#
#####.............#
#.#.#[..#)## #..b..........##
#.#.#..)#... #........._....#
#)..#.).'..#
#########...##.###...######.#


You could see a two-headed ogre.

Vanquished Creatures
  An ice beast (D:3)
  A big kobold (D:2)
  A scorpion (D:4)
  The ghost of Amaterasu the Chiller, a weakling HuIE (D:3)
  A jelly (D:4)
  An orc priest (D:3)
  A hound (D:4)
  6 orc wizards
  A bullfrog skeleton (D:4)
  A worker ant (D:4)
  A gnoll (D:4)
  7 adders
  An ooze (D:1)
  An adder skeleton (D:4)
  A dart slug (D:1)
  7 leopard geckos
  16 orcs
  A ball python (D:4)
  6 giant cockroaches
  17 goblins
  13 hobgoblins
  10 jackals
  14 kobolds
  6 bats
  3 frilled lizards
  A jackal skeleton (D:4)
  4 rats
124 creatures vanquished.

Notes
Turn   | Place    | Note
-------+----------+-------------------------------------------
     0 | D:1      | Mgcat the Human Berserker began the quest for the Orb.
     0 | D:1      | Reached XP level 1. HP: 18/18 MP: 1/1
   101 | D:1      | Reached XP level 2. HP: 24/24 MP: 2/2
   254 | D:1      | Reached skill level 4 in Axes
   254 | D:1      | Reached XP level 3. HP: 21/29 MP: 3/3
   642 | D:1      | Reached ** piety under Trog
  1276 | D:2      | Noticed a big kobold
  1303 | D:2      | Killed a big kobold
  1303 | D:2      | Reached skill level 5 in Axes
  1303 | D:2      | Reached XP level 4. HP: 19/35 MP: 4/4
  1303 | D:2      | Reached XP level 5. HP: 23/41 MP: 5/5
  1456 | D:2      | Found a deep blue altar of Sif Muna.
  2130 | D:2      | You fall through a shaft for 2 floors!
  2143 | D:4      | Reached skill level 6 in Axes
  2175 | D:4      | Found a shimmering altar of Xom.
  2190 | D:4      | Reached XP level 6. HP: 39/47 MP: 6/6
  2280 | D:4      | Reached skill level 7 in Axes
  2348 | D:4      | Reached XP level 7. HP: 20/52 MP: 7/7
  3430 | D:4      | Noticed a two-headed ogre
  3465 | D:3      | Reached *** piety under Trog
  3684 | D:3      | Noticed Amaterasu's ghost (weakling HuIE)
  3701 | D:3      | Killed Amaterasu's ghost
  3701 | D:3      | Reached skill level 8 in Axes
  3775 | D:3      | Found a shattered altar of Ashenzari.
  3775 | D:3      | Found an ornate altar of the Wu Jian Council.
  4013 | D:3      | Received a gift from Trog
  4013 | D:3      | Reached XP level 8. HP: 58/58 MP: 8/8
  4014 | D:3      | Reached skill level 9 in Axes
  4220 | D:3      | Found a faded altar of an unknown god.
  4892 | D:4      | Mangled by a two-headed ogre

Skill      XL: |  1  2  3  4  5  6  7  8 |
---------------+-------------------------+-----
Axes           | 4 5 6 7 8 9 |  9.0
Fighting       | |  3.0
Armour         | |  2.0
Dodging        | |  2.0

Action                   |  1- 3 |  4- 6 |  7- 9 || total
-------------------------+-------+-------+-------++-------
Melee: Hand axe          |   127 |    35 |       ||   162
       Flail             |       |    27 |   162 ||   189
Invok: Trog's Hand       |     1 |     2 |     6 ||     9
       Berserk           |       |     3 |     7 ||    10
  Eat: Chunk             |     1 |     4 |    14 ||    19
       Ration            |       |     1 |     1 ||     2
Armor: Animal skin       |     7 |       |       ||     7
       Ring mail         |    27 |    14 |    83 ||   124
Dodge: Dodged            |    77 |    41 |   133 ||   251
